 Dungeon Crawl Stone Soup version 0.17-a0-719-g32c6a46 (webtiles) character file.

134368 Herrn the Severer (level 17, 0/133 HPs)
             Began as a Formicid Fighter on Apr 20, 2015.
             Was a High Priest of Okawaru.
             Killed from afar by a tengu reaver (36 damage)
             ... with a bolt of acid
             ... on level 1 of the Depths.
             The game lasted 02:32:35 (35188 turns).

Herrn the Severer (Formicid Fighter)               Turns: 35188, Time: 02:32:36

Health: 0/133      AC: 32    Str: 27    XL:     17   Next: 75%
Magic:  20/20      EV: 14    Int:  9    God:    Okawaru [*****.]
Gold:   3020       SH: 15    Dex: 10    Spells: 2 memorised, 6 levels left

rFire  + . .     SeeInvis +     h - +1 battleaxe
rCold  . . .     Clarity  .     L - +5 chain mail {rF+}
rNeg   + + .     SustAb   .     k - +0 shield {AC+3}
rPois  .         Gourm    .     (helmet unavailable)
rElec  .         Spirit   .     H - +0 cloak
rCorr  .         Warding  +     j - +0 pair of gloves
rMut   .         Stasis   +     S - +2 pair of boots {Stlth+}
MR     +....                    M - amulet of warding
Stlth  +.........               e - ring of positive energy
                                J - +5 ring of protection

@: heroism, somewhat resistant to hostile enchantments, very unstealthy
A: permanent stasis, dig shafts and tunnels, four strong arms, antennae 3
a: Dig, Shaft Self, Heroism, Renounce Religion


You were on level 1 of the Depths.
You worshipped Okawaru.
Okawaru was extremely pleased with you.
You were near starving.

You visited 5 branches of the dungeon, and saw 29 of its levels.

You collected 3188 gold pieces.
You spent 168 gold pieces at shops.

Inventory:

Hand weapons
 a - a +1 eveningstar of draining
 h - a +1 battleaxe (weapon)
 A - a +1 triple crossbow of flaming
 U - a +3 war axe of venom
Missiles
 o - 21 steel bolts
 v - 8 poisoned bolts
 y - 106 bolts
Armour
 j - a +0 pair of gloves (worn)
 k - a +0 shield of protection (worn)
 w - a +3 ring mail of positive energy
 H - a +0 cloak (worn)
 L - a +5 chain mail of fire resistance (worn)
 S - a +2 pair of boots of stealth (worn)
Jewellery
 e - a ring of positive energy (right hand)
 G - an uncursed ring of sustain abilities
 J - a +5 ring of protection (left hand)
 M - an amulet of warding (around neck)
Scrolls
 f - 2 scrolls of fear
 g - 6 scrolls of enchant weapon
 i - 8 scrolls of magic mapping
 m - 4 scrolls of enchant armour
 p - 4 scrolls of recharging
 s - 10 scrolls of remove curse
 t - a scroll of immolation {unknown}
 B - 4 scrolls of amnesia
 D - a scroll of acquirement
 K - 2 scrolls of brand weapon {unknown}
 Q - 2 scrolls of holy word
Potions
 b - a potion of resistance
 c - a potion of degeneration {unknown}
 q - 5 potions of curing
 u - 6 potions of magic
 x - 2 potions of cancellation
 E - 2 potions of mutation
 O - 4 potions of restore abilities
 P - a potion of cure mutation {unknown}
 R - 6 potions of brilliance
 V - 2 potions of might
 X - 3 potions of agility
 Z - a potion of flight
Comestibles
 d - 12 bread rations
 z - 9 meat rations
 N - 7 royal jellies
 T - 11 fruits


   Skills:
 + Level 12.1(17.1) Fighting
 * Level 18.3(23.3) Axes
 * Level 7.0(12.0) Crossbows
 + Level 8.7(13.7) Armour
 + Level 9.2(14.2) Dodging
 + Level 13.4(18.4) Shields
 * Level 10.3 Conjurations
 - Level 4.0 Invocations


You had 6 spell levels left.
You knew the following spells:

 Your Spells              Type           Power        Failure   Level  Hunger
a - Orb of Destruction    Conj           ###.......   100%        7    #######
b - Regeneration          Chrm/Necr      #.........   100%        3    ####...


Dungeon Overview and Level Annotations

Branches:
Dungeon (15/15)            Temple (1/1) D:5            Lair (8/8) D:11
  Swamp (0/5) Lair:4       Spider (0/5) Lair:4        Slime (0/6) Lair:7
    Orc (4/4) D:11            Elf (0/3) Orc:4        Vaults (0/5) D:14
 Depths (1/5) D:15

Altars:
Ashenzari
Cheibriados
Dithmenos
Elyvilon
Fedhas
Gozag
Kikubaaqudgha
Makhleb
Nemelex Xobeh
Okawaru
Qazlal
Ru
Sif Muna
Trog
Vehumet
Xom
Yredelemnul
Zin
The Shining One
Beogh

Shops:
Orc:2 *   Orc:4 [(:**


Innate Abilities, Weirdness & Mutations

You are under a permanent stasis effect.
You can dig through walls and to a lower floor.
Your four strong arms can wield two-handed weapons with a shield.
You have a pair of large antennae on your head (SInv).


Message History

Drink which item? (? for menu, Esc to quit)
You feel better. The tengu reaver misses you.
You block the tengu reaver's attack.
The tengu reaver claws you but does no damage.
Drink which item? (? for menu, Esc to quit)
You feel better.
The tengu reaver hits you but does no damage.
The tengu reaver pecks you but does no damage.
The tengu reaver claws you but does no damage.
You hit the deep troll earth mage.
The deep troll earth mage is lightly wounded.
You miss the tengu reaver.
The tengu reaver is heavily wounded.
You closely miss the tengu reaver.
The tengu reaver is heavily wounded.
You hit the deep troll earth mage but do no damage.
The deep troll earth mage is lightly wounded.
The tengu reaver gestures at you while chanting.
The bolt of acid hits you!
You die...

{{ #..# # .. { #..# ##
... { #.###≈ .....
#..... #..*.. #######
#.....
#.....####.....####.....
#...................#.#≈
#.....Q.(.......####(###
#......@........# ##(##
#......T(.......# #.##
#...............# ###
#...............#
#...............#
...............#
........#.##..#
......!##.#..# ......#
##..#


You could see a tengu reaver and a deep troll earth mage.

Vanquished Creatures
  Saint Roka (Orc:4)
  Agnes (D:15)
  Kirke (Lair:6)
  A fire giant (Depths:1)
  An orc warlord (Orc:4)
  Maud (D:14)
  3 stone giants (Depths:1)
  2 rakshasas (D:14)
  Nessos (D:14)
  A dire elephant (D:15)
  2 ettins (Depths:1)
  A great orb of eyes (Depths:1)
  A yaktaur captain (D:14)
  11 hydras
  2 centaur warriors
  4 catoblepae
  The ghost of Pirate the Basher, a powerful GrBe of Trog (D:10)
  18 death yaks (Lair:8)
  2 ogre magi
  4 hell knights (Depths:1)
  Urug (Orc:4)
  An orc high priest (Orc:4)
  A sun demon (Orc:4)
  Nergalle (Orc:4)
  2 unseen horrors
  Pikel (D:7)
  6 hill giants
  An orb spider (shapeshifter) (Depths:1)
  A wolf spider (D:15)
  4 orc knights
  2 necromancers (Depths:1)
  A salamander (D:15)
  6 ugly things (D:15)
  3 griffons
  A smoke demon (Orc:4)
  4 orc sorcerers
  2 cyclopes
  15 black mambas
  20 elephants
  19 spiny frogs
  3 gargoyles
  A fire drake (Lair:8)
  2 yaktaurs (D:14)
  14 komodo dragons
  2 tengu conjurers
  8 trolls
  Grinder (D:6)
  13 slime creatures
  A harpy skeleton (D:15)
  2 two-headed ogres (D:15)
  2 boulder beetles
  6 ravens
  A centaur simulacrum (D:15)
  4 water elementals (Depths:1)
  Sigmund (D:2)
  3 shadows
  3 wyverns
  62 yaks
  4 hungry ghosts
  3 deep elf magi
  2 basilisks
  8 hippogriffs
  3 wraiths
  The ghost of ZiggyStardust the Chiller, an average DsIE (D:3)
  3 vampire mosquitoes (D:15)
  8 wargs
  A mottled dragon (D:12)
  49 wolves
  20 water moccasins
  Duvessa (D:6)
  7 ice beasts
  8 spiders (Lair:4)
  13 porcupines
  2 phantoms
  36 orc warriors
  3 slaves (D:7)
  A necrophage (D:9)
  5 black bears
  2 wasps (Lair:5)
  22 ogres
  4 boggarts (Depths:1)
  24 centaurs
  4 sky beasts
  A gnoll sergeant (D:11)
  20 crocodiles
  30 giant frogs
  A big kobold (D:12)
  Dowan (D:6)
  A wyvern skeleton (D:11)
  3 scorpions
  10 electric eels
  25 killer bees
  7 wights
  9 centaur zombies
  9 crimson imps
  A human zombie (D:4)
  6 jellies
  Crazy Yiuf (D:6)
  A giant frog skeleton (D:9)
  A giant frog zombie (D:12)
  32 orc priests
  2 centaur skeletons
  19 hounds
  5 iguanas
  40 orc wizards
  Jessica (D:3)
  12 worker ants
  2 killer bee zombies
  23 sheep
  2 hound zombies
  A worker ant zombie (D:5)
  9 gnolls
  15 adders
  114 river rats
  6 shadow imps
  6 oozes
  An adder skeleton (D:4)
  A worm (D:3)
  A giant gecko (D:2)
  235 orcs
  2 ball pythons
  A bat zombie (D:5)
  4 giant cockroaches
  24 goblins
  17 hobgoblins
  26 jackals
  6 quokkas
  10 bats
  6 giant newts
  3 giant spores
  23 kobolds
  14 rats
  A spectral orc (Orc:4)
  23 ballistomycetes
  4 fungi
  8 plants
1340 creatures vanquished.

Vanquished Creatures (others)
  A spiny frog (Lair:8)
  A raven (D:14)
  A yak (Lair:6)
  A hippogriff (Lair:6)
  A slave (D:7)
  5 humans
  A giant frog (Lair:6)
  A giant frog skeleton (D:11)
  An orc wizard (Orc:4)
  An adder (D:11)
  An orc (Orc:1)
  A hobgoblin (D:5)
  2 giant spores
  6 ballistomycetes (D:14)
  6 fungi
  3 plants
33 creatures vanquished.

Grand Total: 1373 creatures vanquished

Notes
Turn   | Place    | Note
--------------------------------------------------------------
     0 | D:1      | Herrn, the Formicid Fighter, began the quest for the Orb.
     0 | D:1      | Reached XP level 1. HP: 18/18 MP: 1/1
   143 | D:1      | Reached XP level 2. HP: 24/24 MP: 2/2
   283 | D:1      | Reached XP level 3. HP: 22/30 MP: 3/3
   752 | D:2      | Noticed Sigmund
   759 | D:2      | Killed Sigmund
   759 | D:2      | Reached skill level 4 in Fighting
   759 | D:2      | Reached skill level 1 in Dodging
   759 | D:2      | Reached XP level 4. HP: 27/37 MP: 4/4
   759 | D:2      | Reached XP level 5. HP: 30/42 MP: 5/5
   759 | D:2      | Reached XP level 6. HP: 34/48 MP: 6/6
   939 | D:2      | Found a blossoming altar of Fedhas.
   966 | D:2      | Found a white marble altar of Elyvilon.
   973 | D:2      | Found a deep blue altar of Sif Muna.
   982 | D:2      | Found a shadowy altar of Dithmenos.
  1436 | D:3      | Noticed ZiggyStardust's ghost (average DsIE)
  1468 | D:3      | Killed ZiggyStardust's ghost
  1468 | D:3      | Reached skill level 5 in Shields
  1622 | D:3      | Noticed Jessica
  1631 | D:3      | Killed Jessica
  1631 | D:3      | Reached XP level 7. HP: 47/55 MP: 7/7
  1737 | D:3      | Noticed an ice beast
  1748 | D:3      | Killed an ice beast
  2150 | D:3      | Reached skill level 5 in Axes
  2485 | D:4      | Reached XP level 8. HP: 61/61 MP: 8/8
  2806 | D:4      | Reached skill level 5 in Fighting
  2806 | D:4      | Reached skill level 6 in Axes
  3026 | D:4      | Found an ancient bone altar of Kikubaaqudgha.
  3028 | D:4      | Noticed a human
  3030 | D:4      | Killed a human
  3147 | D:4      | Found an iron altar of Okawaru.
  3157 | D:4      | Became a worshipper of Warmaster Okawaru
  3523 | D:5      | Entered Level 5 of the Dungeon
  3528 | D:5      | Found a staircase to the Ecumenical Temple.
  3545 | Temple   | Entered the Ecumenical Temple
  3713 | D:5      | HP: 1/62 [ogre/giant club (25)]
  3720 | D:5      | Reached skill level 5 in Armour
  4131 | D:5      | Reached XP level 9. HP: 36/68 MP: 9/9
  4278 | D:5      | Reached skill level 7 in Axes
  4309 | D:5      | Identified the Collected Works on Aerial Combat Magic
  4356 | D:5      | Found a glowing golden altar of the Shining One.
  4501 | D:5      | Found an opulent altar of Gozag.
  4502 | D:5      | Found a sparkling altar of Nemelex Xobeh.
  4553 | D:5      | Found a glowing golden altar of the Shining One.
  4554 | D:5      | Noticed an angel
  4562 | D:5      | Found a basalt altar of Yredelemnul.
  4563 | D:5      | Noticed a profane servitor
  4923 | D:6      | Acquired Okawaru's first power
  5103 | D:6      | Noticed Grinder
  5124 | D:6      | Killed Grinder
  5135 | D:6      | Learned a level 7 spell: Orb of Destruction
  5270 | D:6      | Noticed Duvessa
  5271 | D:6      | Noticed Dowan
  5278 | D:6      | Killed Duvessa
  5285 | D:6      | Killed Dowan
  5470 | D:6      | Noticed Crazy Yiuf
  5475 | D:6      | Killed Crazy Yiuf
  5573 | D:6      | Reached skill level 1 in Invocations
  5688 | D:6      | Reached skill level 8 in Axes
  5688 | D:6      | Reached skill level 1 in Conjurations
  6103 | D:7      | Reached XP level 10. HP: 67/76 MP: 8/11
  6404 | D:7      | Noticed Pikel
  6444 | D:7      | Killed Pikel
  6849 | D:7      | Reached skill level 9 in Axes
  6915 | D:7      | Found a bloodstained altar of Trog.
  7281 | D:8      | Found a glowing silver altar of Zin.
  8094 | D:9      | Received a gift from Okawaru
  8638 | D:9      | Reached XP level 11. HP: 76/83 MP: 13/13
  8841 | D:9      | Reached skill level 5 in Dodging
  9254 | D:8      | Reached skill level 10 in Axes
  9804 | D:10     | Entered Level 10 of the Dungeon
 10514 | D:10     | Noticed Pirate's ghost (powerful GrBe)
 10522 | D:10     | Killed Pirate's ghost
 10522 | D:10     | Acquired Okawaru's second power
 10860 | D:10     | Found a roughly hewn altar of Beogh.
 10884 | D:10     | Reached skill level 11 in Axes
 11620 | D:11     | Found a staircase to the Lair.
 11654 | D:11     | Reached XP level 12. HP: 83/91 MP: 13/15
 12276 | D:11     | Found a staircase to the Orcish Mines.
 12637 | D:12     | Reached skill level 5 in Conjurations
 12675 | D:12     | Noticed an eight-headed hydra
 12688 | D:12     | Killed an eight-headed hydra
 12688 | D:12     | Reached skill level 12 in Axes
 12924 | D:12     | Received a gift from Okawaru
 13103 | D:12     | Reached skill level 10 in Shields
 14069 | D:13     | Noticed a centaur warrior
 14078 | D:13     | Killed a centaur warrior
 14081 | D:13     | Reached XP level 13. HP: 75/99 MP: 14/16
 14131 | D:13     | Reached skill level 13 in Axes
 15327 | D:14     | Noticed Maud
 15346 | D:14     | Killed Maud
 15550 | D:14     | Noticed Nessos
 15589 | D:14     | Killed Nessos
 15589 | D:14     | Received a gift from Okawaru
 15783 | D:14     | Noticed a yaktaur captain
 15809 | D:14     | Killed a yaktaur captain
 16050 | D:14     | Reached skill level 14 in Axes
 16295 | D:14     | Found a gate to the Vaults.
 16379 | D:14     | Reached XP level 14. HP: 103/108 MP: 17/17
 16546 | D:14     | Got a fine wooden ring
 16626 | D:15     | Entered Level 15 of the Dungeon
 16865 | D:15     | Identified the ring of Conversion {+/*Tele rC- rN+ Int+3 Stlth+} (You took it off an orc warrior on level 14 of the Dungeon)
 17096 | D:15     | Noticed Agnes
 17111 | D:15     | Killed Agnes
 17238 | D:15     | Reached skill level 10 in Fighting
 17405 | D:15     | Reached skill level 15 in Axes
 17696 | D:15     | Received a gift from Okawaru
 17828 | D:15     | Found a staircase to the Depths.
 18392 | D:15     | Reached skill level 1 in Crossbows
 18718 | Orc:1    | Entered Level 1 of the Orcish Mines
 19777 | Orc:2    | Found Nuruhew's Needful Niceties.
 20695 | Orc:4    | Entered Level 4 of the Orcish Mines
 20731 | Orc:4    | Found a staircase to the Elven Halls.
 20732 | Orc:4    | Noticed Saint Roka
 20751 | Orc:4    | Reached XP level 15. HP: 106/117 MP: 18/18
 21602 | Lair:1   | Entered Level 1 of the Lair of Beasts
 21631 | Lair:1   | Received a gift from Okawaru
 23064 | Lair:2   | Learned a level 3 spell: Regeneration
 23875 | Lair:3   | Identified a scroll of acquirement
 23892 | Lair:3   | Reached skill level 16 in Axes
 23935 | Lair:3   | Found a radiant altar of Vehumet.
 24303 | Lair:4   | Found a staircase to the Swamp.
 25214 | Lair:4   | Received a gift from Okawaru
 25492 | Lair:4   | Found a hole to the Spider Nest.
 25778 | Lair:4   | Got a crude war axe
 25779 | Lair:4   | Identified the cursed +1 war axe "Orb Guardian's Peril" {speed, +Inv} (You found it on level 4 of the Lair of Beasts)
 27186 | Lair:5   | Reached XP level 16. HP: 120/125 MP: 19/19
 27591 | Lair:6   | Noticed Kirke
 27617 | Lair:6   | Killed Kirke
 29128 | Lair:7   | Received a gift from Okawaru
 29156 | Lair:7   | Got a dazzling scale mail {god gift}
 29184 | Lair:7   | Identified the +1 scale mail of Hikhlyuzu {Dex+3} (Okawaru gifted it to you on level 7 of the Lair of Beasts)
 29254 | Lair:7   | Reached skill level 17 in Axes
 29256 | Lair:7   | Reached skill level 5 in Crossbows
 29273 | Lair:7   | Found a staircase to the Slime Pits.
 29768 | Lair:7   | Identified Lehudib's Papyrus of Burning Conjuration
 30122 | Lair:8   | Entered Level 8 of the Lair of Beasts
 31059 | Lair:8   | Reached XP level 17. HP: 115/131 MP: 20/20
 31139 | Lair:8   | Reached skill level 10 in Conjurations
 31140 | Lair:8   | Received a gift from Okawaru
 32418 | Orc:4    | Killed Saint Roka
 32626 | Orc:4    | Found Ufanaud's Assorted Antiques.
 32649 | Orc:4    | Bought a scroll labeled YLUOLIT IROA for 24 gold pieces
 32649 | Orc:4    | Bought a scroll labeled OFFAREG CUZAMA for 24 gold pieces
 32649 | Orc:4    | Bought a scroll of identify for 48 gold pieces
 33091 | Orc:4    | Noticed Urug
 33120 | Orc:4    | Killed Urug
 33191 | Orc:4    | Noticed Nergalle
 33198 | Orc:4    | Found a roughly hewn altar of Beogh.
 33204 | Orc:4    | Killed Nergalle
 33204 | Orc:4    | Reached skill level 18 in Axes
 33205 | Orc:4    | Noticed an orc warlord
 33255 | Orc:4    | Killed an orc warlord
 33353 | Orc:4    | Found Houlik's Book Emporium.
 33673 | Orc:4    | Found Uxap Fiu's General Store.
 33681 | Orc:4    | Found Mabb's Antique Weapon Emporium.
 33691 | Orc:4    | Found Dolim's Antique Armour Emporium.
 33736 | Orc:4    | Bought a potion of agility for 72 gold pieces
 34482 | Depths:1 | Entered Level 1 of the Depths
 34501 | Depths:1 | Received a gift from Okawaru
 34792 | Depths:1 | Received a gift from Okawaru
 35188 | Depths:1 | Killed from afar by a tengu reaver

Action                   |  1- 3 |  4- 6 |  7- 9 | 10-12 | 13-15 | 16-18 || total
-------------------------+-------+-------+-------+-------+-------+-------++-------
Melee: War axe           |    88 |    77 |   451 |   355 |       |       ||   971
       Unarmed           |       |       |     2 |       |       |       ||     2
       Battleaxe         |       |       |       |   474 |  1490 |  1119 ||  3083
       Flail             |       |       |       |     7 |       |       ||     7
       Eveningstar       |       |       |       |       |    31 |    50 ||    81
Invok: Heroism           |       |       |     1 |    15 |    15 |    11 ||    42
 Abil: Dig               |       |     1 |     3 |    11 |    13 |     6 ||    34
Evoke: Wand              |       |       |       |     6 |     8 |       ||    14
  Use: Potion            |     1 |       |     2 |     2 |     6 |    10 ||    21
       Scroll            |       |       |     8 |     5 |     9 |     8 ||    30
 Stab: Confused          |       |       |       |       |     2 |       ||     2
       Sleeping          |       |       |       |       |     1 |       ||     1
       Petrified         |       |       |       |       |       |     1 ||     1
  Eat: Chunk             |       |     1 |    17 |    23 |    29 |    21 ||    91
       Beef jerky        |       |       |       |     1 |     1 |     1 ||     3
       Royal jelly       |       |       |       |     2 |     3 |       ||     5
       Pizza             |       |       |       |     1 |     1 |     1 ||     3
       Fruit             |       |       |       |       |     4 |     5 ||     9
       Meat ration       |       |       |       |       |     1 |       ||     1
